 Dungeon Crawl Stone Soup version 0.25.0-15-gac7dcb8919 (webtiles) character file.

Game seed: 11675938485517938584

940 protoss039 the Thaumaturge (level 7, 0/36 HPs)
             Began as a Deep Elf Earth Elementalist on June 29, 2020.
             Was an Initiate of Vehumet.
             Slain by an orc wizard
             ... wielding a cursed -1 dagger
              (6 damage)
             ... on level 4 of the Dungeon.
             The game lasted 00:14:03 (5607 turns).

protoss039 the Thaumaturge (DEEE)                   Turns: 5607, Time: 00:14:04

Health: 0/36       AC:  4    Str:  5    XL:     7   Next: 88%
Magic:  2/21       EV: 13    Int: 22    God:    Vehumet [......]
Gold:   172        SH:  0    Dex: 15    Spells: 8/23 levels left

rFire    . . .     SeeInvis .   b - +2 dagger (elec)
rCold    . . .     Gourm    .   (no shield)
rNeg     . . .     Faith    .   c - +0 robe
rPois    +         Spirit   .   (no helmet)
rElec    .         Reflect  .   g - +0 cloak
rCorr    .         Harm     .   (no gloves)
MR       .....                  t - +0 pair of boots
Stlth    ++........             (no amulet)
HPRegen  0.12/turn              a - ring of poison resistance
MPRegen  0.17/turn              (no ring)

@: berserk cooldown, stab, very slightly contaminated, slowed, very slow
A: no striking features
a: Renounce Religion


You were on level 4 of the Dungeon.
You worshipped Vehumet.
Vehumet was noncommittal.
You were not hungry.

You visited 2 branches of the dungeon, and saw 5 of its levels.

You collected 172 gold pieces.

Inventory:

Hand Weapons
 b - a +2 dagger of electrocution (weapon)
 h - a +0 vampiric dagger
Missiles
 q - 25 stones (quivered)
Armour
 c - a +0 robe (worn)
 g - a +0 cloak (worn)
 t - a +0 pair of boots (worn)
Jewellery
 a - a ring of poison resistance (left hand)
 n - an uncursed ring of stealth {unknown}
Wands
 i - a wand of flame (21)
 r - a wand of polymorph (9)
Scrolls
 e - 4 scrolls of teleportation {unknown}
 k - a scroll of remove curse {unknown}
 l - 2 scrolls of amnesia {unknown}
 u - a scroll of magic mapping {unknown}
Potions
 j - 2 potions of might
 s - a potion of flight
Comestibles
 d - 9 rations
 f - a chunk of flesh


   Skills:
 - Level 2.4 Dodging
 - Level 2.4 Stealth
 * Level 8.5 Spellcasting
 + Level 2.0 Conjurations
 + Level 1.1 Transmutations
 * Level 7.6 Earth Magic


You had 8 spell levels left.
You knew the following spells:

 Your Spells              Type           Power        Failure   Level  Hunger
a - Sandblast             Erth           #####.       1%          1    None
b - Passwall              Tmut/Erth      ####....     1%          2    None
c - Stone Arrow           Conj/Erth      ####..       2%          3    None
d - Petrify               Tmut/Erth      ####....     12%         4    ###....
e - Lee's Rapid Deconstr  Erth           #####.....   9%          5    #####..

Your spell library contained the following spells:

 Spells                   Type           Power        Failure   Level  Hunger


Dungeon Overview and Level Annotations

Branches:
Dungeon (4/15)             Temple (1/1) D:4

Altars:
Ashenzari
Cheibriados
Dithmenos
Elyvilon
Fedhas
Gozag
Hepliaklqana
Kikubaaqudgha
Makhleb
Nemelex Xobeh
Qazlal
Sif Muna
Trog
Uskayaw
Vehumet
Wu Jian
Xom
Yredelemnul
Zin
The Shining One


Message History

You are very lightly contaminated with residual magic.
Nothing appears to happen.
The orc wizard shouts!
The orc wizard casts a spell.
The orc wizard seems to speed up.
The orc wizard casts a spell at you. The puff of flame hits you.
* * * LOW HITPOINT WARNING * * *
Unknown command.
You feel ready to backstab.
Unknown command.
You closely miss the orc wizard.
The orc wizard hits you but does no damage. x2
You closely miss the orc wizard. The orc wizard misses you.
The orc wizard hits you but does no damage.
The orc wizard barely misses you.
You hit the orc wizard.
The orc wizard is lightly wounded.
The orc wizard hits you with a cursed -1 dagger.
You die...

# #############..
####...<.........#
###.......)##.......
#....@o...).†...)..#
#)###......)#.###.##
#.# #.........#
#.###.......###
#..........##
#.#.##.....#
##.#.##....##
#....###.### #).###
#.#


You could see an orc wizard (fast).

Vanquished Creatures
  Grinder (D:3)
  Menkaure (D:4)
  A phantom (D:4)
  A scorpion (D:4)
  2 hounds (D:4)
  2 orc priests
  4 orc wizards
  An iguana (D:4)
  2 worker ants (D:4)
  9 adders
  3 worms (D:2)
  4 dart slugs
  2 leopard geckos (D:3)
  14 orcs
  A giant cockroach (D:4)
  7 goblins
  12 hobgoblins
  16 jackals
  3 quokkas
  A ball python (D:2)
  2 bats
  4 frilled lizards
  2 kobolds
  7 rats
102 creatures vanquished.

Notes
Turn   | Place    | Note
-------+----------+-------------------------------------------
     0 | D:1      | protoss039 the Deep Elf Earth Elementalist began the quest
                  | for the Orb.
     0 | D:1      | Reached XP level 1. HP: 10/10 MP: 6/6
   474 | D:1      | Reached XP level 2. HP: 15/15 MP: 8/8
   797 | D:2      | Reached XP level 3. HP: 11/19 MP: 8/10
  1067 | D:2      | Found a basalt altar of Yredelemnul.
  1070 | D:2      | Reached skill level 4 in Spellcasting
  1075 | D:2      | Found a faded altar of an unknown god.
  1363 | D:2      | Reached XP level 4. HP: 24/24 MP: 12/12
  1376 | D:2      | Learned a level 2 spell: Passwall
  1380 | D:2      | Learned a level 3 spell: Stone Arrow
  1878 | D:2      | Found an ancient bone altar of Kikubaaqudgha.
  1878 | D:2      | Found a bloodstained altar of Trog.
  1879 | D:2      | Found a burning altar of Makhleb.
  2485 | D:3      | Reached skill level 5 in Earth Magic
  2528 | D:3      | Reached skill level 5 in Spellcasting
  2532 | D:3      | Reached XP level 5. HP: 28/28 MP: 1/14
  3576 | D:3      | Noticed Grinder
  3581 | D:3      | Paralysed by Grinder for 4 turns
  3590 | D:3      | Killed Grinder
  3590 | D:3      | Reached skill level 6 in Spellcasting
  3590 | D:3      | Reached XP level 6. HP: 27/32 MP: 12/17
  3733 | D:3      | Reached skill level 7 in Spellcasting
  4622 | D:4      | Reached XP level 7. HP: 34/36 MP: 9/19
  4766 | D:4      | Found a staircase to the Ecumenical Temple.
  4794 | Temple   | Entered the Ecumenical Temple
  4915 | Temple   | Became a worshipper of Vehumet
  4933 | D:4      | Noticed Menkaure
  4936 | D:4      | Killed Menkaure
  4936 | D:4      | Reached skill level 1 in Conjurations
  5253 | D:4      | Reached skill level 8 in Spellcasting
  5507 | D:4      | Learned a level 4 spell: Petrify
  5513 | D:4      | Learned a level 5 spell: Lee's Rapid Deconstruction
  5607 | D:4      | Slain by an orc wizard

Illustrated notes

Levels and vault maps discovered:
D:1:      dpeg_arrival_pond, layout_rooms
D:2:      minmay_door_path, layout_loops_cross, gammafunk_temple_overflow_claw,
          overflow_temple_1_default, chequers_ecumenical_altar_island
D:3:      layout_basic, uniq_grinder
D:4:      layout_loops_ring, minmay_temple_entry_statues_pillars, moated_statue,
          kennysheep_big_empty_room, minmay_bisected, uniq_crazy_yiuf_cottage,
          uniq_sigmund, uniq_blork_the_orc, uniq_menkaure
Temple:   nicolae_temple_x_marks_the_god

Skill      XL: |  1  2  3  4  5  6  7 |
---------------+----------------------+-----
Earth Magic    | 4 5 6 7 |  7.6
Spellcasting   | 4 5 6 7 8 |  8.5
Conjurations   | 2 |  2.0
Dodging        | |  2.4
Stealth        | |  2.4
Transmutations | |  1.1

Action                   |  1- 3 |  4- 6 |  7- 9 || total
-------------------------+-------+-------+-------++-------
Melee: Unarmed           |     4 |     6 |       ||    10
       Dagger            |    41 |   140 |    16 ||   197
 Cast: Sandblast         |    29 |    49 |       ||    78
       Stone Arrow       |       |    32 |    31 ||    63
       Lee's Rapid Decon |       |       |     1 ||     1
  Use: Scroll            |       |     6 |       ||     6
       Potion            |       |       |     5 ||     5
 Stab: Sleeping          |     6 |     3 |       ||     9
  Eat: Chunk             |     1 |    11 |     3 ||    15
Armor: Robe              |     8 |    40 |     8 ||    56
       Skin              |       |       |     6 ||     6
Dodge: Dodged            |    34 |   116 |    17 ||   167
